 Dungeon Crawl Stone Soup version 0.20-a0-472-g5c05303 (webtiles) character file.

109 HarleyQuinn the Magician (level 4, -2/30 HPs)
             Began as a Mummy Summoner on Jan 14, 2017.
             Slain by a leopard gecko (3 damage)
             ... on level 3 of the Dungeon.
             The game lasted 00:08:10 (4809 turns).

HarleyQuinn the Magician (Mummy Summoner)           Turns: 4809, Time: 00:08:12

Health: -2/30      AC:  2    Str: 11    XL:     4   Next: 59%
Magic:  9/12       EV: 12    Int: 15    God:
Gold:   90         SH:  0    Dex: 12    Spells: 8/15 levels left

rFire  x . .     SeeInvis +     i - +0 morningstar
rCold  + . .     Gourm    .     a - +0 robe
rNeg   + + +     Faith    .     (no shield)
rPois  ∞         Spirit   .     (no helmet)
rElec  .         Reflect  .     (no cloak)
rCorr  .         Harm     .     (no gloves)
MR     .....                    (no boots)
Stlth  ++........               (no amulet)
                                (no ring)
                                j - ring of see invisible

@: no status effects
A: no food or potions, fire vulnerability, cold resistance 1, negative energy
resistance 3, torment resistance, unbreathing
a: no special abilities


You were on level 3 of the Dungeon.
You were not hungry.

You visited 1 branch of the dungeon, and saw 3 of its levels.

You collected 90 gold pieces.

Inventory:

Hand Weapons
 c - a +0 mace
 i - a +0 morningstar (weapon)
Armour
 a - a +0 robe (worn)
 f - a +2 buckler
Jewellery
 j - a ring of see invisible (left hand)
Wands
 e - a wand of acid (4/15)
Scrolls
 d - a scroll of identify {unknown}
 g - 2 scrolls of magic mapping {unknown}
 h - a scroll of enchant weapon {unknown}
 k - a scroll of recharging {unknown}
 l - a scroll of amnesia {unknown}
 m - a scroll of remove curse {unknown}
Books
 b - a book of Callings

   Spells                             Type                      Level
   a - Summon Small Mammal            Summoning                    1
   b - Call Imp                       Summoning                    2
   c - Call Canine Familiar           Summoning                    3
   d - Summon Guardian Golem          Hexes/Summoning              3
   e - Summon Lightning Spire         Summoning/Air                4
   f - Summon Ice Beast               Ice/Summoning                4


   Skills:
 - Level 1.5 Dodging
 - Level 1.5 Stealth
 - Level 6.0 Spellcasting
 - Level 3.2 Summonings
 + Level 0.1 Ice Magic


You had 8 spell levels left.
You knew the following spells:

 Your Spells              Type           Power        Failure   Level  Hunger
a - Summon Small Mammal   Summ           ##..         4%          1    N/A
b - Call Imp              Summ           ##......     8%          2    N/A
c - Summon Ice Beast      Ice/Summ       #.......     78%         4    N/A

Dungeon Overview and Level Annotations

Branches:
Dungeon (3/15)

Altars:
Okawaru
Yredelemnul


Innate Abilities, Weirdness & Mutations

You do not eat or drink.
Your flesh is vulnerable to fire.
You are immune to poison.
Your flesh is cold resistant. (rC+)
You are immune to negative energy. (rN+++)
You are immune to unholy pain and torment.
You can survive without breathing.


Message History

You hit the leopard gecko.
The leopard gecko is moderately wounded.
The leopard gecko misses you. The hobgoblin closely misses you.
Your crimson imp blinks!
You barely miss the leopard gecko.
The leopard gecko is moderately wounded.
The leopard gecko bites you.
* * * LOW HITPOINT WARNING * * *
The hobgoblin closely misses you.
Your crimson imp blinks!
The leopard gecko bites you.
* * * LOW HITPOINT WARNING * * *
The hobgoblin hits you.
* * * LOW HITPOINT WARNING * * *
You barely miss the leopard gecko.
The leopard gecko is moderately wounded.
The leopard gecko closely misses you.
The hobgoblin hits you but does no damage.
The leopard gecko bites you.
You die...

.#.#.#.###....#
.#.#.#........####
#.######.####.# .%.
#.# #.# #.## #.##
#..# #<.
.#####.###.# ##.
.........##.###...5.
...........5@l.§....
#......#.##g###....#
#......#..#.# ..#
#......##.#.# #
#...... ...# #......
.... #### ..>. ....


You could see a leopard gecko, a hobgoblin, a friendly crimson imp and a
friendly white imp.

Vanquished Creatures
  Terence (D:2)
  An adder (D:2)
  2 oozes
  2 leopard geckos
  An orc (D:3)
  3 giant cockroaches (D:1)
  5 goblins
  3 hobgoblins
  2 jackals (D:2)
  6 kobolds
  A quokka (D:2)
  5 bats
  4 frilled lizards (D:1)
  8 rats
44 creatures vanquished.

Vanquished Creatures (collateral kills)
  2 adders (D:2)
  An ooze (D:1)
  A leopard gecko (D:2)
  An orc (D:3)
  A bat (D:1)
  A giant cockroach (D:1)
  A hobgoblin (D:1)
  A frilled lizard (D:1)
  6 goblins
  A kobold (D:2)
  2 rats (D:1)
18 creatures vanquished.

Vanquished Creatures (others)
  A fungus (D:1)
1 creature vanquished.

Grand Total: 63 creatures vanquished

Notes
Turn   | Place    | Note
-------+----------+-------------------------------------------
     0 | D:1      | HarleyQuinn the Mummy Summoner began the quest for the Orb.
     0 | D:1      | Reached XP level 1. HP: 13/13 MP: 4/4
    56 | D:1      | Reached skill level 3 in Spellcasting
   381 | D:1      | Reached XP level 2. HP: 9/19 MP: 2/6
   720 | D:1      | Reached skill level 4 in Spellcasting
   972 | D:1      | Learned a level 2 spell: Call Imp
  1315 | D:1      | Reached XP level 3. HP: 24/24 MP: 8/8
  2329 | D:2      | Reached skill level 5 in Spellcasting
  3022 | D:2      | Reached XP level 4. HP: 16/30 MP: 8/11
  3266 | D:2      | Learned a level 4 spell: Summon Ice Beast
  3617 | D:2      | Noticed Terence
  3633 | D:2      | HP: 1/30 [Terence/morningstar (10)]
  3637 | D:2      | Killed Terence
  4495 | D:3      | Reached skill level 6 in Spellcasting
  4754 | D:3      | Found a basalt altar of Yredelemnul.
  4767 | D:3      | Found an iron altar of Okawaru.
  4808 | D:3      | HP: 1/30 [hobgoblin (2)]
  4809 | D:3      | Slain by a leopard gecko

Vault maps used:
D:1:      dpeg_arrival_prison, minivault_14
D:2:      uniq_terence
D:3:      overflow_temple_1_default, nicolae_overflow_crystal_walls,
          overflow_temple_1_default, first_bread, bh_walls_and_bars,
          uniq_sigmund

Skill      XL: |  1  2  3  4 |
---------------+-------------+-----
Spellcasting   | 3 4 5 6 |  6.0
Dodging        | |  1.5
Stealth        | |  1.5
Summonings     | |  3.2
Ice Magic      | |  0.1

Action                   |  1- 3 |  4- 6 || total
-------------------------+-------+-------++-------
Melee: Mace              |   112 |    44 ||   156
       Morningstar       |       |    39 ||    39
 Cast: Summon Small Mamm |     7 |       ||     7
       Call Imp          |    13 |    13 ||    26
 Stab: Sleeping          |     4 |       ||     4
       Distracted        |     2 |       ||     2
Armor: Robe              |    30 |    27 ||    57
Dodge: Dodged            |   101 |   103 ||   204
